 Dungeon Crawl Stone Soup version 0.25-a0-663-gace7076f2c (webtiles) character file.

Game seed: 6318088526955773567, levelgen mode: deterministic

12 sanka the Vexing (level 2, 0/13 HPs)
             Began as a Felid Wanderer on Mar 24, 2020.
             Slain by a ball python (1 damage)
             ... on level 2 of the Dungeon.
             The game lasted 00:01:00 (198 turns).

sanka the Vexing (Felid Wanderer)                    Turns: 198, Time: 00:01:01

Health: 0/13       AC:  1    Str:  9    XL:     2   Next: 20%
Magic:  3/3        EV: 12    Int: 15    God:
Gold:   0          SH:  0    Dex: 12    Spells: 1/1 levels left
                                        Lives:  0   Deaths: 0

rFire    . . .     SeeInvis +     - Unarmed
rCold    . . .     Gourm    .   (shield unavailable)
rNeg     . . .     Faith    .   (armour unavailable)
rPois    .         Spirit   .   (helmet unavailable)
rElec    .         Reflect  .   (cloak unavailable)
rCorr    .         Harm     .   (gloves unavailable)
MR       .....                  (boots unavailable)
Stlth    ++........             (no amulet)
HPRegen  0.04/turn              (no ring)
MPRegen  0.08/turn              (no ring)

@: constricted, quick
A: very small, no armour, no weapons or thrown items, stealth, claws 1, fangs 3,
see invisible, carnivore, speed 1, shaggy fur 1, slow metabolism 1, sharp paws
a: no special abilities


You were on level 2 of the Dungeon.
You were not hungry.

You visited 1 branch of the dungeon, and saw 2 of its levels.


Innate Abilities, Weirdness & Mutations

You cannot wear armour.
You are incapable of wielding weapons or throwing items.
Your paws allow you to move quietly. (Stealth)
You have sharp claws.
You have razor-sharp teeth.
You have supernaturally acute eyesight. (SInv)
You are carnivorous and can eat meat at any time.
You cover ground quickly.
You are covered in fur. (AC +1)
You have a slow metabolism.
Your sharp claws are effective at attacking unaware monsters.


   Skills:
 - Level 2.0 Fighting
 - Level 2.6 Stealth
 + Level 3.7 Unarmed Combat
   Level 4.4 Hexes


You had one spell level left.
You didn't know any spells.
Your spell library was empty.

Inventory:

Scrolls
 b - a scroll of fear
 c - a scroll of teleportation {@r4}
Potions
 a - a potion of heal wounds {@q2}
 d - a potion of curing {@q1}
Comestibles
 f - a ration

Dungeon Overview and Level Annotations

Branches:
Dungeon (1/15)

Altars:

▒▒▒▒▒▒▒ .......
.......▒▒▒▒▒▒▒▒▒▒▒▒
...................
▒▒▒▒▒.)...........
........S..........
.▒▒......h.........
▒.....▒▒(..▒▒▒▒▒▒
▒.....▒▒...▒
▒.....▒▒▒▒▒▒
▒.....▒ ▒...S..
▒.....


You could see a ball python.


Message History

Things that are here:
a +0 dagger a kobold corpse You see here a stone.
You start resting.
The ball python is too close now for your liking.
You see here a stone.
Things that are here:
a +0 dagger a kobold corpse The ball python hisses angrily.
You scratch the ball python.
The ball python is severely wounded.
The ball python bites you.
* * * LOW HITPOINT WARNING * * *
The ball python misses you.
You barely miss the ball python.
The ball python is severely wounded.
The ball python bites you.
* * * LOW HITPOINT WARNING * * *
The ball python misses you.
You closely miss the ball python.
The ball python is severely wounded.
The ball python bites you but does no damage.
The ball python barely misses you.
You closely miss the ball python.
The ball python is severely wounded.
The ball python barely misses you. The ball python grabs you.
You die...

Action                   || total
-------------------------++-------
Melee: Unarmed           ||    35
       Bite              ||     2
Armor: Skin              ||     2
Dodge: Dodged            ||    23

Levels and vault maps discovered:
D:1:      psy_arrival_dodecagon, layout_basic
D:2:      layout_basic, serial_corexii_hall, chequers_hall_statues_y,
          chequers_hall_statues_y, minmay_diced_spiral

Notes
Turn   | Place    | Note
-------+----------+-------------------------------------------
     0 | D:1      | sanka the Felid Wanderer began the quest for the Orb.
     0 | D:1      | sanka set off with the following items: a potion of heal
                  | wounds {@q2}, a scroll of fear, a scroll of teleportation
                  | {@r4}, a potion of curing {@q1}, a ration
     0 | D:1      | Reached XP level 1. HP: 9/9 MP: 2/2
    60 | D:1      | Reached XP level 2. HP: 6/13 MP: 3/3
   196 | D:2      | HP: 1/13 [ball python (2)]
   198 | D:2      | Slain by a ball python

Vanquished Creatures
  A bat (D:1)
  2 giant cockroaches (D:1)
  4 goblins
  A hobgoblin (D:1)
  A frilled lizard (D:1)
  A kobold (D:2)
  A rat (D:1)
11 creatures vanquished.
